 Dungeon Crawl Stone Soup version 0.32-a0-799-g95e1662365 (webtiles) character file.

Game seed: 4530496412604932715

85 Konar the Shooter (level 4, 0/33 HPs)
             Began as a Coglin Hunter on Mar 21, 2024.
             Slain by a +3 rapier of flaming (7 damage)
             ... created by the rancor of the Wu Jian Council
             ... on level 2 of the Dungeon.
             The game lasted 00:00:44 (1013 turns).

Konar the Shooter (Coglin Hunter)                   Turns: 1013, Time: 00:00:45

Health: 0/33       AC:  3    Str: 11    XL:     4   Next: 48%
Magic:  4/4        EV: 11    Int:  8    God:
Gold:   53         SH:  0    Dex: 20    Spells: 3/3 levels left

rFire   . . .        a - +2 sling {Oskar}
rCold   . . .        d - +0 sling {Nari}
rNeg    . . .        c - +0 leather armour
rPois   .            (no helmet)
rElec   .            (no cloak)
rCorr   .            (no gloves)
SInv    .            (no boots)
Will    .....        (amulet unavailable)
Stlth   ++           (ring unavailable)
HPRegen 0.25/turn    (ring unavailable)
MPRegen 0.09/turn    (no gizmo)

%: no passive effects
@: spiked, revving
A: off-hand wielding, slow wielding, warmup strikes, no jewellery
a: Invent Gizmo


You were on level 2 of the Dungeon.
You visited 1 branch of the dungeon, and saw 2 of its levels.

You collected 53 gold pieces.

Inventory:

Hand Weapons
 a - a +2 sling (weapon) {Oskar}
 d - a +0 sling (offhand) {Nari}
Armour
 c - a +0 leather armour (worn)
Scrolls
 b - a scroll of butterflies
 f - a scroll of vulnerability
Potions
 e - a potion of haste {unknown}
 g - a potion of attraction {unknown}
 h - a potion of mutation {unknown}


   Skills:
 - Level 2.0 Fighting
 + Level 5.3 Ranged Weapons
 - Level 1.7 Dodging
 - Level 0.7 Stealth


You had 3 spell levels left.
You didn't know any spells.
Your spell library contained the following spells:

 Spells                   Type           Power      Damage    Failure   Level
 Jinxbite                 Hex            0%         N/A       65%         2
 Yara's Violent Unravell  Hex/Alch       0%         3d3       100%        5
 Enfeeble                 Hex            0%         N/A       100%        7


Dungeon Overview and Level Annotations

Branches:
Dungeon (2/15)

Altars:
Wu Jian

Shops:
D:1 :


Innate Abilities, Weirdness & Mutations

You can wield a second weapon in your off-hand.
It takes a long time for you to wield or remove held weapons.
Your first few attacks do less damage.
You cannot equip rings or amulets.


Message History

You shoot a sling bullet. The sling bullet hits the ribbon worm.
The ribbon worm is moderately wounded.
A ribbon worm is nearby!
You shoot a sling bullet. The sling bullet hits the ribbon worm.
The ribbon worm is moderately wounded.
You shoot a sling bullet. The sling bullet hits the ribbon worm.
The ribbon worm is heavily wounded.
A ribbon worm is nearby!
You shoot a sling bullet.
The sling bullet barely misses the ribbon worm.
You shoot a sling bullet. The sling bullet hits the ribbon worm.
The ribbon worm is almost dead.
The ribbon worm expels a string of sticky webbing.
The stream of webbing misses you.
A ribbon worm is nearby!
You shoot a sling bullet. The sling bullet hits the ribbon worm.
You kill the ribbon worm!
You shoot a sling bullet.
You now have 53 gold pieces (gained 12).
Sifu Cai Fang says: Die by a thousand cuts!
Barbed spikes become lodged in your body.
A +3 heavy great sword, a +3 rapier of flaming, a +1 heavy great sword and a +4 broad axe of electrocution come into view.
You shoot a sling bullet.
The sling bullet hits the +3 heavy great sword.
The +3 heavy great sword is moderately damaged.
You shoot a sling bullet.
The sling bullet hits the +3 heavy great sword.
The +3 heavy great sword is heavily damaged.
There are monsters nearby!
You shoot a sling bullet.
The sling bullet hits the +3 heavy great sword.
The +3 heavy great sword is almost destroyed.
You shoot a sling bullet.
The sling bullet barely misses the +3 heavy great sword.
The +3 rapier of flaming hits you. The +3 rapier of flaming burns you.
The +4 broad axe of electrocution hits you.
The +3 heavy great sword hits you!
* * * LOW HITPOINT WARNING * * *
The +3 rapier of flaming hits you!
You die...

##.......⌠~~.......#
#...~~....~......#
..~..~~..~......# ##
..~....~~.......# ..
..~†...........#.#
...~~............#
##~~~~~~###...####
##~~~~# #(((......
##### #@##.##### #(#
.# #.# .# #.# # #.#
#.# ... ...


You could see 4 dancing weapons.

Vanquished Creatures
  3 adders (D:2)
  A gnoll (D:1)
  A dart slug (D:1)
  A ribbon worm (D:2)
  2 ball pythons
  5 bats (D:1)
  6 endoplasms
  2 giant cockroaches
  4 goblins
  4 hobgoblins
  3 quokkas
  2 frilled lizards
  2 kobolds (D:1)
  5 rats
41 creatures vanquished.

Notes
Turn   | Place    | Note
-------+----------+-------------------------------------------
     0 | D:1      | Konar the Coglin Hunter began the quest for the Orb.
     0 | D:1      | Reached XP level 1. HP: 16/16 MP: 1/1
    79 | D:1      | Reached skill level 4 in Ranged Weapons
    79 | D:1      | Reached XP level 2. HP: 22/22 MP: 2/2
   134 | D:1      | Found Roba Ruph's Vocational Training.
   326 | D:1      | Found a faded altar of an unknown god.
   335 | D:1      | Prayed at the altar of an unknown god.
   335 | D:1      | Became a worshipper of the Wu Jian Council
   335 | D:1      | Reached * piety under Wu Jian
   336 | D:1      | Fell from the grace of Wu Jian
   340 | D:1      | Reached XP level 3. HP: 27/27 MP: 3/3
   795 | D:2      | Reached skill level 5 in Ranged Weapons
   795 | D:2      | Reached XP level 4. HP: 33/33 MP: 4/4
  1012 | D:2      | Noticed a +3 heavy great sword
  1012 | D:2      | Noticed a +3 rapier of flaming
  1012 | D:2      | Noticed a +1 heavy great sword
  1012 | D:2      | Noticed a +4 broad axe of electrocution
  1013 | D:2      | Slain by a +3 rapier of flaming

Illustrated notes

Levels and vault maps discovered:
D:1:      onia_arrival_pyramid, layout_loops_ring,
          shapermc_ecumenical_altar_notcrosses, nicolae_shop_vocational
D:2:      cheibrodos_helix_gallery, layout_basic

Skill      XL: |  1  2  3 |
---------------+----------+-----
Ranged Weapons | 4 5 |  5.3
Fighting       | |  2.0
Dodging        | |  1.7
Stealth        | |  0.7

Action                     |  1- 3 |  4- 6 || total
---------------------------+-------+-------++-------
   Fire: Sling             |   114 |    52 ||   166
 Invoke: Renounce Religion |     1 |       ||     1
    Use: Scroll            |     1 |       ||     1
 Armour: Leather armour    |     2 |    11 ||    13
  Dodge: Dodged            |     8 |     7 ||    15

Table legend: (Time is in decaauts)
 A = Elapsed time spent in this place.
 B = Non-inter-level travel time spent in this place.
 C = Inter-level travel time spent in this place.
 D = Time resting spent in this place.
 E = Time spent auto-exploring this place.
 F = Levels seen in this place.
 G = Mean time per level.
                   A        B        C        D        E       F      G
               +--------+--------+--------+--------+--------+-----+--------+
         Total |   1034 |    979 |     55 |      0 |    809 |   2 |  517.0 |
       Dungeon |   1034 |    979 |     55 |      0 |    809 |   2 |  517.0 |
               +--------+--------+--------+--------+--------+-----+--------+

Top non-repeatable levels by time:
     D:1: 743 daAuts
     D:2: 290 daAuts
